 Dungeon Crawl Stone Soup version 0.25-a0-589-g1e14c549ee (webtiles) character file.

Game seed: 5884095673046614412, levelgen mode: deterministic

79 Kohma the Slasher (level 4, 0/33 HPs)
             Began as a Demonspawn Gladiator on Mar 11, 2020.
             Slain by a worker ant (4 damage)
             ... on level 4 of the Dungeon.
             The game lasted 00:05:34 (2729 turns).

Kohma the Slasher (Demonspawn Gladiator)            Turns: 2729, Time: 00:05:35

Health: 0/33       AC:  6    Str: 16    XL:     4   Next: 17%
Magic:  0/4        EV: 12    Int:  9    God:
Gold:   199        SH:  0    Dex: 14    Spells: 3/3 levels left

rFire    . . .     SeeInvis .   a - +0 long sword
rCold    . . .     Gourm    .   (no shield)
rNeg     . . .     Faith    .   p - +0 ring mail
rPois    .         Spirit   +   e - +0 helmet
rElec    .         Reflect  .   k - scarf {cloud immunity}
rCorr    .         Harm     .   (no gloves)
MR       .....                  (no boots)
Stlth    +.........             (no amulet)
HPRegen  0.11/turn              (no ring)
MPRegen  0.18/turn              (no ring)

@: lethally poisoned (0 -> -19)
A: claws 1, magic shield, magic regeneration
a: no special abilities


You were on level 4 of the Dungeon.
You were not hungry.

You visited 1 branch of the dungeon, and saw 4 of its levels.

You collected 199 gold pieces.

Inventory:

Hand Weapons
 a - a +0 long sword (weapon)
Missiles
 d - 3 throwing nets (quivered)
 o - 18 poisoned darts
Armour
 e - a +0 helmet (worn)
 k - a scarf of cloud immunity (worn)
 p - a +0 ring mail (worn)
Scrolls
 h - a scroll of magic mapping
 i - a scroll of remove curse {unknown}
 j - 3 scrolls of immolation {unknown}
 m - a scroll of enchant weapon {unknown}
 n - 2 scrolls of teleportation {unknown}
Potions
 c - 3 potions of curing
 g - a potion of haste {unknown}
 l - a potion of heal wounds {unknown}
 q - a potion of brilliance {unknown}
 s - a potion of lignification {unknown}
Comestibles
 f - 4 rations


   Skills:
 - Level 2.0 Fighting
 - Level 3.6 Long Blades
 - Level 1.7 Throwing
 + Level 3.3 Dodging
 * Level 1.5 Unarmed Combat


You had 3 spell levels left.
You didn't know any spells.
Your spell library was empty.

Dungeon Overview and Level Annotations

Branches:
Dungeon (4/15)
 Temple: D:4-7

Altars:
Wu Jian
Xom
Zin
The Shining One


Innate Abilities, Weirdness & Mutations

You have sharp fingernails.
When hurt, damage is shared between your health and your magic reserves.
You regenerate magic rapidly.


Message History

The worker ant is heavily wounded.
You feel sick.
The worker ant bites you but does no damage.
You hit the worker ant.
The worker ant is severely wounded.
You feel sick. The worker ant bites you.
You are lethally poisoned!
The worker ant poisons you!
You closely miss the worker ant.
The worker ant is severely wounded.
* * * LOW HITPOINT WARNING * * *
You feel sick. The worker ant barely misses you. The worker ant bites you.
* * * LOW HITPOINT WARNING * * *
You are more poisoned.
The worker ant poisons you!
You barely miss the worker ant.
The worker ant is severely wounded.
* * * LOW HITPOINT WARNING * * *
You feel sick. The worker ant bites you.
You die...

**,*,,*
*,,,,,,,*,,,,,,,*
*,,*,,*
*........*****,**
∩,,+,,***.....[.#,***,**
*,,*,,**,,......#*,*,**
**,*,,**,,*#.#..##*,#*
,***,,,*,,##.....##.#
,,**,,,*,,#.........#
*,,*,*.#..#.##.†a#***
*,,,,,.......<..@# **
*,****.###..####.#** *,
*,****,* ##*#......#
******* *, *,,,,,,*
*#.##.#.#***,,,,,* *,
,,******
*#%,,..#.#*,,,,,,,* **
*,*
#.,,*###,#*,*,**,,*****
*,*
#,,,,,,,,**,*,**,,,,,,,
*,*
*,,,*******,,,,,,******
,,****
*,,,*******,,,,,,**


You could see a worker ant.

Vanquished Creatures
  4 adders
  An ooze (D:3)
  A worm (D:3)
  A dart slug (D:1)
  A leopard gecko (D:2)
  6 bats
  A giant cockroach (D:3)
  5 goblins
  4 hobgoblins
  6 frilled lizards
  4 kobolds
  4 rats
38 creatures vanquished.

Notes
Turn   | Place    | Note
-------+----------+-------------------------------------------
     0 | D:1      | Kohma the Demonspawn Gladiator began the quest for the Orb.
     0 | D:1      | Reached XP level 1. HP: 16/16 MP: 1/1
   268 | D:1      | Gained mutation: When hurt, damage is shared between your
                  | health and your magic reserves. [demonic ancestry]
   268 | D:1      | Reached XP level 2. HP: 22/22 MP: 2/2
   802 | D:2      | Found a glowing silver altar of Zin.
   812 | D:2      | Found a glowing golden altar of the Shining One.
   814 | D:2      | Found a shimmering altar of Xom.
  1083 | D:2      | Gained mutation: You have sharp fingernails. [demonic
                  | ancestry]
  1083 | D:2      | Reached XP level 3. HP: 17/27 MP: 3/3
  2087 | D:3      | Found an ornate altar of the Wu Jian Council.
  2177 | D:3      | Reached skill level 1 in Unarmed Combat
  2224 | D:3      | Gained mutation: You regenerate magic rapidly. [demonic
                  | ancestry]
  2224 | D:3      | Reached XP level 4. HP: 30/33 MP: 4/4
  2729 | D:4      | Slain by a worker ant

Levels and vault maps discovered:
D:1:      dpeg_arrival_round_a, layout_loops_ring
D:2:      layout_basic, overflow_temple_1_default, grunt_temple_overflow_open,
          first_ration
D:3:      layout_basic, lemuel_round_altar
D:4:      layout_loops_cross, makhleb_grotto_becter, overflow_temple_1_default,
          gup_ossuary_entry_pyramid, uniq_eustachio, uniq_menkaure

Skill      XL: |  1  2  3 |
---------------+----------+-----
Long Blades    | 3 |  3.6
Dodging        | 3 |  3.3
Unarmed Combat | 1 |  1.5
Fighting       | |  2.0
Throwing       | |  1.7

Action                   |  1- 3 |  4- 6 || total
-------------------------+-------+-------++-------
Melee: Long sword        |    82 |    19 ||   101
  Use: Scroll            |       |     2 ||     2
 Stab: Sleeping          |     2 |       ||     2
  Eat: Chunk             |     2 |       ||     2
       Ration            |     1 |       ||     1
Armor: Leather armour    |    23 |       ||    23
       Ring mail         |     4 |     7 ||    11
Dodge: Dodged            |    76 |    15 ||    91
       Rpst.: Long sword |    21 |     5 ||    26

Table legend:
 A = Non-vault XP
 B = Vault XP
 C = Vault XP percentage of total XP
 D = Non-vault monster count
 E = Vault monster count
 F = Vault count percentage of total count
                 A         B        C        D         E       F
            +---------+---------+-------+---------+---------+-------
      Total |     114 |       0 |   0.0 |      38 |       0 |   0.0
            +---------+---------+-------+---------+---------+-------
        D:1 |      24 |       0 |   0.0 |      16 |       0 |   0.0
        D:2 |      27 |       0 |   0.0 |      10 |       0 |   0.0
        D:3 |      50 |       0 |   0.0 |      11 |       0 |   0.0
        D:4 |      13 |       0 |   0.0 |       1 |       0 |   0.0
            +---------+---------+-------+---------+---------+-------
